[Event "Titled Tuesday Blitz April 26 Late 2022"]
[White "Alinasab, Mobina"]
[Black "Mikhailov, Viacheslav"]
[WhiteFideId "12528897"]
[BlackFideId "4187369"]
[WhiteElo "2031"]
[BlackElo "2381"]
[Result "0-1"]
[Round "03"]
[TimeControl "180+1"]
[Date "2022.04.26"]
[WhiteClock "0:00:11"]
[BlackClock "0:01:05"]

1. e4 d6 2. d4 Nf6 3. Nc3 g6 4. f4 Bg7 5. Nf3 O-O 6. e5 dxe5 7. fxe5 Nd5 8. Bc4 Nxc3 9. bxc3 c5 10. Be3 Nc6 11. O-O Bg4 12. Be2 e6 13. h3 Bxf3 14. Bxf3 Qa5 15. Qd3 Rad8 16. Qc4 cxd4 17. cxd4 Qb6 18. Bxc6 Qxc6 19. Qxc6 bxc6 20. Rab1 Rb8 21. Rb3 Rb6 22. Ra3 Rb7 23. Ra6 Rc8 24. Rd1 Bf8 25. Rd3 c5 26. d5 c4 27. Rd1 exd5 28. Rxd5 Rb2 29. c3 Rc2 30. Bd4 Rb8 31. Rxa7 Rbb2 32. Rdd7 Rxg2+ 33. Kf1 Rgd2 34. Ke1 Rh2 35. Bg1 Rh1 36. Rxf7 Rxg1+ 0-1


[Site "https://www.chess.com"]

[Event "Titled Tuesday Blitz April 26 Late 2022"]
[White "Araujo Filho, Luiz Antonio Coel"]
[Black "Araujo Sanchez, Josue"]
[WhiteFideId "2130661"]
[BlackFideId "6416896"]
[WhiteElo "2321"]
[BlackElo "2339"]
[Result "0-1"]
[Round "03"]
[TimeControl "180+1"]
[Date "2022.04.26"]
[WhiteClock "0:02:15"]
[BlackClock "0:02:20"]

1. d4 Nf6 2. Nf3 b6 3. e3 Bb7 4. Bd3 e6 5. Nbd2 c5 6. Qe2 Nc6 7. c3 Be7 8. O-O O-O 9. a3 Qc7 10. e4 d6 11. e5 dxe5 12. dxe5 Nd7 13. Re1 Rfe8 14. Nf1 Na5 15. Bf4 Rad8 16. Rad1 Nf8 17. Bg5 Bxf3 0-1


[Site "https://www.chess.com"]

[Event "Titled Tuesday Blitz April 26 Late 2022"]
[White "Aroesti, Roee"]
[Black "Kanyamarala, Trisha"]
[WhiteFideId "2817144"]
[BlackFideId "45004722"]
[WhiteElo "2068"]
[BlackElo "2079"]
[Result "1-0"]
[Round "03"]
[TimeControl "180+1"]
[Date "2022.04.26"]
[WhiteClock "0:01:20"]
[BlackClock "0:00:05"]

1. Nf3 d5 2. c4 e6 3. g3 b6 4. Bg2 Bb7 5. O-O Nd7 6. b3 Ngf6 7. Bb2 Be7 8. d4 O-O 9. Nbd2 c5 10. cxd5 exd5 11. Rc1 Ne4 12. dxc5 Bxc5 13. Nd4 Ndf6 14. e3 Ba6 15. Re1 Qd7 16. a3 Rfe8 17. b4 Bd6 18. Nxe4 Nxe4 19. Ne2 Qf5 20. Nf4 Bb7 21. h4 Bxf4 22. exf4 Rad8 23. Qd4 f6 24. Rc7 Ba6 25. Kh2 Bc4 26. Bxe4 Rxe4 27. Rxe4 Qxe4 28. Rxg7+ Kxg7 29. Qxf6+ Kg8 30. Qg7# 1-0


[Site "https://www.chess.com"]

[Event "Titled Tuesday Blitz April 26 Late 2022"]
[White "BM223344"]
[Black "Lopez Del Alamo, Antonio"]
[BlackFideId "2227339"]
[WhiteElo "2441"]
[BlackElo "2082"]
[Result "1-0"]
[Round "03"]
[TimeControl "180+1"]
[Date "2022.04.26"]
[WhiteClock "0:00:37"]
[BlackClock "0:00:13"]

1. d4 Nf6 2. c4 g6 3. Nc3 Bg7 4. e4 d6 5. f4 O-O 6. Nf3 Na6 7. Bd3 e5 8. fxe5 dxe5 9. d5 Nc5 10. Bc2 a5 11. Be3 Qe7 12. Qd2 Ng4 13. Bg5 f6 14. Bh4 Bh6 15. Qe2 Ne3 16. Nd1 Nxc2+ 17. Qxc2 Qd6 18. O-O f5 19. Nc3 Bd7 20. Rae1 Rae8 21. Bg5 Bg7 22. a3 a4 23. Be3 b6 24. Ng5 f4 25. Bf2 h6 26. Nf3 g5 27. Nb5 Bxb5 28. cxb5 Nb3 29. Kh1 Bf6 30. Nd2 Re7 31. Nxb3 axb3 32. Qxb3 Rg7 33. Rc1 g4 34. Rc6 Qd8 35. d6+ Kh8 36. Rd1 Rd7 37. Qe6 h5 38. Qf5 Rh7 39. Rdc1 Bg7 40. dxc7 Qd2 41. c8=Q Qxf2 42. Qcxf8+ Bxf8 43. Qxf8# 1-0


[Site "https://www.chess.com"]

[Event "Titled Tuesday Blitz April 26 Late 2022"]
[White "Babazada, Khazar"]
[Black "Zlatin, Alexander"]
[WhiteFideId "13413554"]
[BlackFideId "2810549"]
[WhiteElo "2406"]
[BlackElo "2228"]
[Result "1-0"]
[Round "03"]
[TimeControl "180+1"]
[Date "2022.04.26"]
[WhiteClock "0:00:33"]
[BlackClock "0:00:04"]

1. Nf3 Nf6 2. g3 e5 3. Nxe5 d5 4. Bg2 Bd6 5. d4 O-O 6. O-O c5 7. c3 Nc6 8. f4 Qb6 9. e3 Bf5 10. Nd2 cxd4 11. exd4 h5 12. Kh1 g6 13. Ndf3 Kg7 14. Nh4 Be4 15. Bxe4 Nxe4 16. Qf3 Qc7 17. Be3 Rae8 18. Rae1 Qc8 19. Bc1 Qh3 20. Qg2 Qc8 21. Re3 Ne7 22. f5 Nxf5 23. Nxf5+ gxf5 24. Ref3 Bxe5 25. dxe5 Rxe5 26. Be3 f6 27. Bd4 Re7 28. Rxf5 Qe6 29. Qf3 Kg6 30. Qxh5+ Kg7 31. R1f4 Ng5 32. Rxg5# 1-0


[Site "https://www.chess.com"]

[Event "Titled Tuesday Blitz April 26 Late 2022"]
[White "Baches Garcia, Guillermo"]
[Black "Kozak, Adam"]
[WhiteFideId "2209764"]
[BlackFideId "753246"]
[WhiteElo "2531"]
[BlackElo "2459"]
[Result "0-1"]
[Round "03"]
[TimeControl "180+1"]
[Date "2022.04.26"]
[WhiteClock "0:00:11"]
[BlackClock "0:00:53"]

1. e4 c5 2. Nf3 d6 3. d4 cxd4 4. Nxd4 Nf6 5. Nc3 a6 6. Bd3 g6 7. f3 Bg7 8. Be3 O-O 9. Qd2 Nc6 10. O-O-O Bd7 11. g4 Qe8 12. h4 Nxg4 13. fxg4 Nxd4 14. h5 g5 15. h6 Be5 16. Bxd4 Bxd4 17. Qxg5+ Kh8 18. Nd5 Rg8 19. Qxe7 Qxe7 20. Nxe7 Rxg4 21. Be2 Be3+ 22. Kb1 Rg2 23. Rxd6 Be6 24. Bd3 Bc5 25. e5 Bxd6 26. exd6 Rd8 27. b3 Rxd6 28. Rf1 Rd7 29. Nf5 Rg6 30. Ng7 Rxh6 31. Nxe6 Rxe6 32. Rh1 h6 33. Bf5 Rdd6 34. Bxe6 Rxe6 35. c4 Kg7 36. Kc2 f5 37. Kc3 Kg6 38. Kd4 f4 39. Kd5 Re2 40. c5 Kg5 41. Kd6 f3 42. Kc7 Re7+ 43. Kd6 Rf7 44. b4 f2 45. Rf1 Kg4 46. a4 Kg3 47. b5 axb5 48. axb5 Kg2 49. Ra1 f1=Q 50. Rxf1 Kxf1 51. c6 bxc6 52. bxc6 h5 0-1


[Site "https://www.chess.com"]

[Event "Titled Tuesday Blitz April 26 Late 2022"]
[White "Balint, Vilmos"]
[Black "Toniutti, Ezio"]
[WhiteFideId "718050"]
[BlackFideId "113034"]
[WhiteElo "2059"]
[BlackElo "2215"]
[Result "1-0"]
[Round "03"]
[TimeControl "180+1"]
[Date "2022.04.26"]
[WhiteClock "0:00:15"]
[BlackClock "0:00:06"]

1. d4 d5 2. c4 c6 3. Nc3 Nf6 4. cxd5 cxd5 5. Bf4 Nc6 6. e3 a6 7. Nf3 Bg4 8. Be2 e6 9. O-O Bd6 10. Rc1 Bxf4 11. exf4 O-O 12. Ne5 Bxe2 13. Nxe2 Rc8 14. Nxc6 bxc6 15. Qa4 Qb6 16. b3 Ne4 17. f3 Nd6 18. Rc2 c5 19. Rfc1 c4 20. b4 Nb5 21. Rd1 Rc7 22. Rcc1 Rfc8 23. Qc2 c3 24. a4 Nd6 25. Qb3 Nf5 26. Rd3 c2 27. g4 Nd6 28. Rd2 a5 29. Rdxc2 Rxc2 30. Rxc2 Rxc2 31. Qxc2 axb4 32. Qc5 Qb8 33. a5 b3 34. Nc3 b2 35. Nb1 h5 36. Kf2 Nc4 37. a6 Qb3 38. a7 Qe3+ 39. Kg3 Qg1+ 40. Kh4 Qxb1 41. a8=Q+ Kh7 42. Qcf8 Kg6 43. f5+ exf5 44. gxf5+ Qxf5 45. Qc6+ f6 46. Qce8+ Kh6 47. Qh8+ Qh7 48. Qxh5# 1-0


[Site "https://www.chess.com"]

[Event "Titled Tuesday Blitz April 26 Late 2022"]
[White "Batsiashvili, Nino"]
[Black "Czopor, Maciej"]
[WhiteFideId "13602993"]
[BlackFideId "21805431"]
[WhiteElo "2192"]
[BlackElo "1999"]
[Result "1-0"]
[Round "03"]
[TimeControl "180+1"]
[Date "2022.04.26"]
[WhiteClock "0:01:01"]
[BlackClock "0:00:02"]

1. d4 b6 2. c4 Bb7 3. Nc3 Nf6 4. f3 d5 5. cxd5 Nxd5 6. e4 Nxc3 7. bxc3 e6 8. Be3 Be7 9. Nh3 O-O 10. Bd3 c5 11. O-O cxd4 12. Bxd4 Nc6 13. Be3 Rc8 14. f4 Na5 15. Rc1 Bc5 16. Bxc5 Rxc5 17. e5 Qd5 18. Rf2 Rd8 19. Bxh7+ Kf8 20. Qh5 Nc4 21. Ng5 Rd7 22. Be4 Qxe4 23. Nxe4 Bxe4 24. Qh8+ Ke7 25. Qxg7 Rd3 26. Qf6+ Ke8 27. f5 Bxf5 28. Rxf5 exf5 29. e6 fxe6 30. Qxe6+ Kd8 31. Re1 Kc7 32. Qe8 Rd7 33. Re7 Rd5 34. h4 f4 35. h5 f3 36. gxf3 Rd1+ 37. Kh2 Rd2+ 38. Kh3 Rxe7 39. Qxe7+ Rd7 40. Qe4 Nd6 41. Qe5 Rh7 42. f4 1-0


[Site "https://www.chess.com"]

[Event "Titled Tuesday Blitz April 26 Late 2022"]
[White "Bellissimo, Joseph F."]
[Black "Hoffmann, Asa"]
[WhiteFideId "2609843"]
[BlackFideId "2001470"]
[WhiteElo "2061"]
[BlackElo "2117"]
[Result "1-0"]
[Round "03"]
[TimeControl "180+1"]
[Date "2022.04.26"]
[WhiteClock "0:00:08"]
[BlackClock "0:00:01"]

1. e4 d6 2. d4 Nf6 3. Nc3 c6 4. f4 Qa5 5. Bd3 e5 6. dxe5 dxe5 7. f5 b5 8. Bg5 Nbd7 9. Nf3 Bc5 10. Qd2 Qb6 11. Nd1 Bb7 12. Be3 O-O-O 13. Qe2 Ng4 14. Bxc5 Qxc5 15. h3 Ngf6 16. Ne3 Nb6 17. O-O Nh5 18. Kh2 Nf4 19. Qd2 Rd7 20. Qa5 Qxe3 21. Nxe5 Re7 22. Ng4 Qd4 23. Rxf4 h6 24. Raf1 h5 25. e5 Qd8 26. f6 gxf6 27. exf6 Rc7 28. Ne5 Kb8 29. Bf5 Nd5 30. Re4 Qxf6 31. c4 bxc4 32. Nxc4 Qd8 33. Rd1 Re8 34. Rxe8 Qxe8 35. Kh1 Qe2 36. Re1 Qf2 37. Re8+ Rc8 38. Bxc8 Bxc8 39. Rxc8+ Kxc8 40. Nd6+ Kd7 41. Ne4 Qf1+ 42. Kh2 Qf4+ 43. Ng3 h4 44. Qxa7+ Kd6 45. Qb8+ Nc7 46. Qd8+ Kc5 47. Qe7+ Kb6 48. Qe1 hxg3+ 49. Qxg3 Qxg3+ 50. Kxg3 Kc5 51. h4 Kd5 52. Kg4 Ke5 53. Kg5 Ne6+ 54. Kh6 Kf5 55. h5 Nf4 56. g3 1-0


[Site "https://www.chess.com"]

[Event "Titled Tuesday Blitz April 26 Late 2022"]
[White "Brodowski, Piotr"]
[Black "Sovetbekova, Nurai"]
[WhiteFideId "1124480"]
[BlackFideId "13801910"]
[WhiteElo "2422"]
[BlackElo "1538"]
[Result "1-0"]
[Round "03"]
[TimeControl "180+1"]
[Date "2022.04.26"]
[WhiteClock "0:00:26"]
[BlackClock "0:00:23"]

1. e4 c5 2. Nf3 d6 3. d4 cxd4 4. Nxd4 Nf6 5. Nc3 a6 6. a3 e5 7. Nf5 g6 8. Ne3 Nc6 9. Bc4 Bg7 10. O-O O-O 11. Ned5 b5 12. Ba2 Bb7 13. Bg5 Nd4 14. Bxf6 Bxf6 15. Nxf6+ Qxf6 16. Bd5 Qe7 17. Bxb7 Qxb7 18. Nd5 Rad8 19. c3 Ne6 20. a4 Nc7 21. Nxc7 Qxc7 22. axb5 axb5 23. Qd5 b4 24. cxb4 Rb8 25. Rfc1 Qb6 26. Rc4 Rfc8 27. Rac1 Qa6 28. g3 Rxc4 29. Rxc4 Qa1+ 30. Kg2 Qxb2 31. Qxd6 Ra8 32. h4 Qe2 33. Qd5 h5 34. Rc7 Rf8 35. Qxe5 Qe1 36. b5 Qb4 37. Qd5 Qb1 38. Rc6 Re8 39. Rxg6+ Kf8 40. Qd6+ Re7 41. Rg8+ Kxg8 42. Qxe7 Qxb5 43. Qg5+ Qxg5 44. hxg5 1-0


[Site "https://www.chess.com"]

[Event "Titled Tuesday Blitz April 26 Late 2022"]
[White "Buchenau, Frank"]
[Black "Ward, Ieuan C"]
[WhiteFideId "4604350"]
[BlackFideId "406627"]
[WhiteElo "2193"]
[BlackElo "2283"]
[Result "0-1"]
[Round "03"]
[TimeControl "180+1"]
[Date "2022.04.26"]
[WhiteClock "0:00:01"]
[BlackClock "0:00:34"]

1. e4 c5 2. Nf3 d6 3. Bb5+ Bd7 4. Bxd7+ Qxd7 5. c4 Nf6 6. Nc3 Nc6 7. d4 cxd4 8. Nxd4 g6 9. f3 Bg7 10. Be3 O-O 11. O-O a6 12. Qd3 Rac8 13. b3 Rfd8 14. Rad1 Qe8 15. Rfe1 Ne5 16. Qd2 h5 17. h3 Kh7 18. f4 Nc6 19. Nxc6 Qxc6 20. Nd5 Nxd5 21. exd5 Qd7 22. Bb6 Re8 23. Re4 Qf5 24. Qe2 Bf6 25. g4 hxg4 26. hxg4 Qd7 27. Kg2 g5 28. Rh1+ Kg7 29. Be3 Rh8 30. fxg5 Be5 31. Bf4 Rxh1 32. Bxe5+ dxe5 33. Kxh1 Rh8+ 34. Kg2 f6 35. Qf3 Qd6 36. gxf6+ exf6 37. g5 fxg5 38. Qf5 Qf6 39. Rxe5 Qxf5 40. Rxf5 Kg6 41. Re5 Rh7 42. Re6+ Kf5 43. c5 Rd7 44. c6 bxc6 45. Rxc6 a5 46. Rc5 a4 47. b4 a3 48. Ra5 Rb7 49. b5 Ke5 50. Kg3 Kxd5 51. Kg4 Kc4 0-1


[Site "https://www.chess.com"]

[Event "Titled Tuesday Blitz April 26 Late 2022"]
[White "Castellanos Hernandez, Emilio Au"]
[Black "Hirneise, Jens"]
[WhiteFideId "5114179"]
[BlackFideId "24614734"]
[WhiteElo "2021"]
[BlackElo "2359"]
[Result "0-1"]
[Round "03"]
[TimeControl "180+1"]
[Date "2022.04.26"]
[WhiteClock "0:02:10"]
[BlackClock "0:02:12"]

1. g3 d5 2. Bg2 c6 3. c4 dxc4 4. a4 Nf6 5. Bf3 h5 6. Qc2 Be6 7. Nc3 Na6 8. Ne4 Nb4 9. Nxf6+ gxf6 10. Qc3 a5 11. e3 Qd3 0-1


[Site "https://www.chess.com"]

[Event "Titled Tuesday Blitz April 26 Late 2022"]
[White "Chigaev, Maksim"]
[Black "Pourkashiyan, Atousa"]
[WhiteFideId "4108116"]
[BlackFideId "12502014"]
[WhiteElo "2478"]
[BlackElo "2247"]
[Result "1-0"]
[Round "03"]
[TimeControl "180+1"]
[Date "2022.04.26"]
[WhiteClock "0:00:05"]
[BlackClock "0:00:09"]

1. d4 Nf6 2. c4 e6 3. Nf3 d5 4. g3 Be7 5. Bg2 O-O 6. Qc2 Nbd7 7. O-O a6 8. b3 c5 9. Bb2 b6 10. Rd1 Bb7 11. dxc5 bxc5 12. cxd5 exd5 13. Nh4 Qb8 14. Nf5 Re8 15. Nc3 d4 16. Na4 Bxg2 17. Kxg2 Bf8 18. f3 Qe5 19. e4 Nd5 20. exd5 Nf6 21. Re1 Qxe1 22. Rxe1 Rxe1 23. Nxc5 Rae8 24. Nxd4 Nxd5 25. Kh3 h5 26. Ne4 Nb4 27. Qd2 Rb1 28. Nf5 Rc8 29. Nh6+ Kh7 30. Nxf7 Rc2 31. Neg5+ Kg6 32. Qf4 Rbxb2 33. Qe4+ Kf6 34. Qe6# 1-0


[Site "https://www.chess.com"]

[Event "Titled Tuesday Blitz April 26 Late 2022"]
[White "D`Arruda, Ricardo D."]
[Black "Jegorovas, Aleksandras"]
[WhiteFideId "100692"]
[BlackFideId "12801950"]
[WhiteElo "2366"]
[BlackElo "2247"]
[Result "1-0"]
[Round "03"]
[TimeControl "180+1"]
[Date "2022.04.26"]
[WhiteClock "0:00:40"]
[BlackClock "0:00:15"]

1. e4 e6 2. d4 d5 3. Nc3 Bb4 4. Qg4 Nf6 5. Qxg7 Rg8 6. Qh6 c5 7. Ne2 cxd4 8. Nxd4 dxe4 9. Be3 Rg6 10. Qh4 Qa5 11. Nb3 Bxc3+ 12. bxc3 Qxc3+ 13. Bd2 Qc7 14. O-O-O Nc6 15. Bg5 Qe5 16. Bxf6 Qxf6 17. Qxe4 Bd7 18. f4 O-O-O 19. g3 h5 20. Kb1 h4 21. Rg1 hxg3 22. hxg3 Qc3 23. Rd3 Qb4 24. Qe3 Rgg8 25. Bg2 Kb8 26. Rgd1 Bc8 27. Bxc6 Rxd3 28. Rxd3 bxc6 29. Qe5+ Ka8 30. Qc7 Qb7 31. Qe5 Qb5 32. Qf6 a5 33. Rd8 Rxd8 34. Qxd8 Kb8 35. Qxa5 Qf1+ 36. Kb2 Qf2 37. Qc5 Qxg3 38. Qb6+ Ka8 39. Qxc6+ Bb7 40. Qe8+ Ka7 41. Qxf7 Qe3 42. Qf6 Ka8 43. Qh8+ Ka7 44. Qd4+ Qxd4+ 45. Nxd4 Bd5 46. a3 Kb6 47. Kc3 Ka5 48. Kd3 Ka4 49. c4 Bg2 50. Nxe6 Kxa3 51. f5 Bh3 52. Ke4 Kb4 53. c5 Kb5 54. Ke5 Kc6 55. f6 1-0


[Site "https://www.chess.com"]

[Event "Titled Tuesday Blitz April 26 Late 2022"]
[White "Dahlgren, James Allen"]
[Black "Martin Barcelo, Carles"]
[WhiteFideId "22256873"]
[BlackFideId "24561444"]
[WhiteElo "2093"]
[BlackElo "1875"]
[Result "0-1"]
[Round "03"]
[TimeControl "180+1"]
[Date "2022.04.26"]
[WhiteClock "0:00:10"]
[BlackClock "0:01:19"]

1. d3 d5 2. f4 c5 3. Nf3 Nc6 4. g3 g6 5. Bg2 Bg7 6. O-O e6 7. Nbd2 Nge7 8. e4 O-O 9. c4 dxe4 10. dxe4 Nd4 11. h3 Nec6 12. Kh2 b6 13. Nxd4 Nxd4 14. e5 Rb8 15. Ne4 Bb7 16. Be3 Qd7 17. Qg4 Bxe4 18. Bxe4 f5 19. exf6 Bxf6 20. Rad1 Rbd8 21. h4 Kh8 22. h5 gxh5 23. Qxh5 Rg8 24. Rh1 Qg7 25. g4 Nf5 26. Bxf5 exf5 27. g5 Bxb2 28. Kg3 Rge8 29. Rxd8 Rxd8 30. g6 h6 31. Qxf5 Rg8 32. Kf3 Qxg6 33. Qxg6 Rxg6 34. f5 Rd6 35. Ke4 Kg7 36. Rg1+ Kf7 37. Bf4 Rd4+ 38. Ke5 Rd1+ 0-1


[Site "https://www.chess.com"]

[Event "Titled Tuesday Blitz April 26 Late 2022"]
[White "De Souza, Cristiano Gomes"]
[Black "Proudian, Armen"]
[WhiteFideId "2151758"]
[BlackFideId "2130734"]
[WhiteElo "2068"]
[BlackElo "2380"]
[Result "1/2-1/2"]
[Round "03"]
[TimeControl "180+1"]
[Date "2022.04.26"]
[WhiteClock "0:00:53"]
[BlackClock "0:00:03"]

1. d4 Nf6 2. c4 e6 3. Nf3 d5 4. Nc3 Bb4 5. Bg5 h6 6. Bxf6 Qxf6 7. Rc1 O-O 8. a3 Bxc3+ 9. Rxc3 Nc6 10. e3 Ne7 11. Qc2 c6 12. Ne5 Ng6 13. Nxg6 fxg6 14. Bd3 g5 15. O-O Bd7 16. b4 h5 17. b5 h4 18. f4 g4 19. a4 g5 20. Qd2 gxf4 21. Rxf4 Qg5 22. Rxf8+ Rxf8 23. Rc1 h3 24. Rf1 Rxf1+ 25. Bxf1 e5 26. cxd5 cxd5 27. Qf2 exd4 28. exd4 Bf5 29. gxh3 gxh3+ 30. Qg3 Qxg3+ 31. hxg3 b6 32. Kh2 Bc2 33. Bxh3 Bxa4 34. Be6+ Kg7 35. Bxd5 Bxb5 36. Kg2 Kf6 37. Kf2 Kf5 38. Bb7 a5 39. Ke3 Kg4 40. d5 Kf5 41. Kd4 a4 42. Bc8+ Kf6 43. Kc3 Ke5 44. Bb7 Bd7 45. Kb4 b5 46. Ba8 Kd6 47. Bb7 Be8 48. Ba8 Bd7 49. Bb7 Kc7 50. Ba8 Be8 51. g4 Kd6 52. g5 Bf7 53. Bc6 Bxd5 54. Bxb5 Ke6 55. Bd3 Bc6 56. Ka3 Ke5 57. Kb4 Be8 58. Ka3 Kf4 59. g6 Bxg6 60. Bxg6 Ke5 61. Be8 Kd6 62. Bxa4 1/2-1/2


[Site "https://www.chess.com"]

[Event "Titled Tuesday Blitz April 26 Late 2022"]
[White "Deac, Bogdan-Daniel"]
[Black "Makarian, Rudik"]
[WhiteFideId "1226380"]
[BlackFideId "44105681"]
[WhiteElo "2648"]
[BlackElo "2388"]
[Result "1-0"]
[Round "03"]
[TimeControl "180+1"]
[Date "2022.04.26"]
[WhiteClock "0:00:11"]
[BlackClock "0:00:02"]

1. d4 Nf6 2. c4 e6 3. Nf3 c5 4. g3 Qa5+ 5. Nbd2 cxd4 6. Nxd4 Nc6 7. Nb3 Qc7 8. Bg2 b6 9. Nd4 Bb7 10. Nb5 Qb8 11. O-O a6 12. Nc3 Na5 13. Nde4 Nxe4 14. Nxe4 f5 15. Nd2 Bxg2 16. Kxg2 Qb7+ 17. Kg1 Be7 18. b3 O-O 19. Nf3 b5 20. Bd2 Nc6 21. Bf4 Rad8 22. Bd6 Bxd6 23. Qxd6 bxc4 24. bxc4 Qb8 25. Qc5 Qc7 26. Rfd1 d6 27. Qa3 a5 28. Rd2 Nb4 29. Rc1 e5 30. Qb3 Kh8 31. c5 dxc5 32. Rxd8 Qxd8 33. Nxe5 Qe7 34. f4 g6 35. a3 Na6 36. Qb6 Nb8 37. Qxc5 Qxc5+ 38. Rxc5 Kg7 39. Rxa5 Kh6 40. Ra7 Rc8 41. Ra8 Rc1+ 42. Kf2 Rb1 43. a4 Kh5 44. a5 Rb5 45. a6 Ra5 46. Rxb8 1-0


[Site "https://www.chess.com"]

[Event "Titled Tuesday Blitz April 26 Late 2022"]
[White "Demchenko, Anton"]
[Black "Wieczorek, Oskar"]
[WhiteFideId "4160258"]
[BlackFideId "1133950"]
[WhiteElo "2539"]
[BlackElo "2319"]
[Result "1-0"]
[Round "03"]
[TimeControl "180+1"]
[Date "2022.04.26"]
[WhiteClock "0:02:20"]
[BlackClock "0:01:21"]

1. e4 c5 2. Nf3 g6 3. c3 d5 4. exd5 Qxd5 5. Na3 Bg7 6. Bc4 Qe4+ 7. Be2 Nf6 8. O-O O-O 9. Re1 Qc6 10. d4 a6 11. Ne5 Qb6 12. Nac4 Qa7 13. dxc5 Nbd7 14. Nxd7 Nxd7 15. Be3 Qb8 16. Bf3 Qc7 17. Nb6 Rb8 18. Nd5 Qd8 19. Bg5 1-0


[Site "https://www.chess.com"]

[Event "Titled Tuesday Blitz April 26 Late 2022"]
[White "Djokic, Mihailo"]
[Black "Hamley, Ryan"]
[WhiteFideId "976440"]
[BlackFideId "30959497"]
[WhiteElo "2202"]
[BlackElo "2458"]
[Result "0-1"]
[Round "03"]
[TimeControl "180+1"]
[Date "2022.04.26"]
[WhiteClock "0:00:12"]
[BlackClock "0:00:46"]

1. e4 c5 2. Nf3 d6 3. d3 Nc6 4. g3 g6 5. Bg2 Bg7 6. O-O Nf6 7. c3 O-O 8. Re1 e5 9. Nbd2 h6 10. a4 a6 11. Nc4 Be6 12. Ne3 Ne8 13. Nd5 f5 14. Nd2 f4 15. Nc4 g5 16. f3 h5 17. Ncb6 Rb8 18. Bd2 Nf6 19. h4 Nh7 20. hxg5 Qxg5 21. gxf4 exf4 22. Qe2 Kh8 23. Qf2 Rg8 24. Bxf4 Qd8 25. Kh1 Rf8 26. Bg3 Ne5 27. Rad1 Qe8 28. Nc7 Qg6 29. Nxe6 Qxe6 30. Nd5 Qd7 31. f4 Ng4 32. Qe2 Qxa4 33. Bh3 Nhf6 34. Nxf6 Nxf6 35. e5 dxe5 36. fxe5 Ng4 37. Qe4 Qxe4+ 38. Rxe4 Rf3 39. Kg2 Ne3+ 40. Kxf3 Nxd1 41. Re1 Nxb2 42. d4 cxd4 43. cxd4 Rd8 44. Bf2 Nd3 45. Rd1 Nxf2 46. Kxf2 Bxe5 47. d5 Rd6 48. Be6 Kg7 49. Rg1+ Kf6 50. Rg8 b5 51. Rf8+ Kg7 52. Rf7+ Kg6 53. Ra7 Bd4+ 54. Kf3 Bxa7 55. Ke4 Kf6 56. Bh3 Bc5 57. Bg2 Rd8 58. Kd3 Bd6 59. Kd4 Rg8 60. Be4 Rg4 61. Ke3 Ke5 62. Bf3 Rg3 63. Kf2 Rxf3+ 64. Kxf3 Kxd5 65. Kg2 b4 66. Kh3 b3 67. Kh4 b2 68. Kg5 b1=Q 69. Kf6 a5 0-1


[Site "https://www.chess.com"]

[Event "Titled Tuesday Blitz April 26 Late 2022"]
[White "Domingo Nunez, Alejandro"]
[Black "Vidonyak, Roman"]
[WhiteFideId "22245561"]
[BlackFideId "14100622"]
[WhiteElo "2215"]
[BlackElo "2389"]
[Result "1-0"]
[Round "03"]
[TimeControl "180+1"]
[Date "2022.04.26"]
[WhiteClock "0:00:54"]
[BlackClock "0:00:14"]

1. Nf3 Nf6 2. g3 g6 3. b3 Bg7 4. Bb2 O-O 5. Bg2 d5 6. O-O c5 7. c4 d4 8. b4 Qc7 9. bxc5 e5 10. d3 Na6 11. Na3 Bd7 12. Nb5 Bxb5 13. cxb5 Nxc5 14. Rc1 Nfd7 15. Ba3 Rac8 16. Qd2 b6 17. Ng5 Bh6 18. f4 exf4 19. gxf4 Qd8 20. Bc6 Qf6 21. Bxd7 Nxd7 22. Bxf8 Rxf8 23. Rc6 Qf5 24. e4 dxe3 25. Qxe3 Qxb5 26. Rc7 Nc5 27. Nxf7 Rxf7 28. Rc8+ Bf8 29. d4 Nd7 30. Qe6 Nf6 31. Rc7 Qe8 32. Qc4 Nd7 33. Qb3 Kh8 34. Qc3 Bg7 35. Rc8 Rf8 36. Rxe8 Rxe8 37. Qc7 Re7 38. Qc8+ Bf8 39. f5 gxf5 40. Rxf5 Rg7+ 41. Kf1 Rg8 42. Qxd7 1-0


[Site "https://www.chess.com"]

[Event "Titled Tuesday Blitz April 26 Late 2022"]
[White "Donatti, Alvaro"]
[Black "Derraugh, Geordie"]
[WhiteFideId "3000303"]
[BlackFideId "2603950"]
[WhiteElo "2138"]
[BlackElo "2116"]
[Result "0-1"]
[Round "03"]
[TimeControl "180+1"]
[Date "2022.04.26"]
[WhiteClock "0:00:03"]
[BlackClock "0:00:10"]

1. e4 c5 2. Nf3 d6 3. c3 Nf6 4. Bc4 e6 5. Qe2 Be7 6. O-O O-O 7. d4 cxd4 8. cxd4 d5 9. exd5 Nxd5 10. Nc3 Nb6 11. Bd3 Nc6 12. Be3 Nb4 13. Bb1 N4d5 14. a3 Bd7 15. Qd3 g6 16. Bh6 Re8 17. Ne5 Bf8 18. Bxf8 Rxf8 19. Ne4 a6 20. Nc5 Bb5 21. Qf3 Bxf1 22. Kxf1 Qe7 23. Be4 Rad8 24. a4 f6 25. Ng4 Nc4 26. Kg1 Nd2 27. Qd3 Nxe4 28. Qxe4 Rde8 29. Qf3 h5 30. Ne3 Nxe3 31. Qxe3 Kg7 32. Re1 e5 33. dxe5 Qxe5 34. Qxe5 fxe5 35. Nxb7 Rb8 36. Nd6 Rxb2 37. Rf1 Ra2 38. Nc4 Rxa4 39. Nxe5 Rf5 40. Nd7 Rd4 41. Nb6 Rb4 42. Nd7 Rb7 43. Nc5 Rxc5 44. Rd1 Rbc7 45. g3 Rc1 46. Rxc1 Rxc1+ 47. Kg2 a5 48. f4 a4 49. f5 a3 0-1


[Site "https://www.chess.com"]

[Event "Titled Tuesday Blitz April 26 Late 2022"]
[White "Dubov, Daniil"]
[Black "Bacrot, Etienne"]
[WhiteFideId "24126055"]
[BlackFideId "605506"]
[WhiteElo "2791"]
[BlackElo "2673"]
[Result "1-0"]
[Round "03"]
[TimeControl "180+1"]
[Date "2022.04.26"]
[WhiteClock "0:01:14"]
[BlackClock "0:00:44"]

1. d4 Nf6 2. c4 g6 3. Nf3 Bg7 4. Nc3 d5 5. Bg5 Ne4 6. Bf4 Nxc3 7. bxc3 c6 8. e3 O-O 9. Be2 Bg4 10. O-O Nd7 11. Rb1 b6 12. Qa4 Qc8 13. cxd5 cxd5 14. Ba6 Qxc3 15. Rfc1 Qa5 16. Qxa5 bxa5 17. Bb7 Rae8 18. Bxd5 e5 19. dxe5 Nxe5 20. Rc7 Bf5 21. Rb5 Rc8 22. Bxe5 Bxe5 23. Bxf7+ Kg7 24. Rxc8 Rxc8 25. g4 Be4 26. Bd5 1-0


[Site "https://www.chess.com"]

[Event "Titled Tuesday Blitz April 26 Late 2022"]
[White "Dudzinski, Pawel"]
[Black "Kanyamarala, Tarun"]
[WhiteFideId "1117890"]
[BlackFideId "45004714"]
[WhiteElo "2033"]
[BlackElo "2177"]
[Result "0-1"]
[Round "03"]
[TimeControl "180+1"]
[Date "2022.04.26"]
[WhiteClock "0:00:23"]
[BlackClock "0:00:25"]

1. e4 c6 2. d4 d5 3. e5 Bf5 4. g4 Be4 5. f3 Bg6 6. e6 Qd6 7. exf7+ Bxf7 8. Ne2 Nd7 9. Nbc3 e5 10. Bg2 O-O-O 11. dxe5 Nxe5 12. Bf4 Ne7 13. Qd4 N7g6 14. Bxe5 Qxe5 15. Qxa7 Bb4 16. O-O-O Rhe8 17. f4 Nxf4 18. Nxf4 Qxf4+ 19. Kb1 Bg6 20. Qa4 Qd6 21. Nb5 cxb5 22. Qxb5 Qc5 23. Qxc5+ Bxc5 24. Rxd5 Rxd5 25. Bxd5 Re2 26. Bb3 Be4 27. Rf1 Rxh2 28. a4 Rh1 29. Rxh1 Bxh1 30. Bg8 h6 31. c3 Be4+ 32. Ka2 Bc2 33. b4 Be3 34. a5 Bd2 35. Kb2 Bd1 36. Be6+ Kc7 37. b5 Be2 38. b6+ Kc6 39. Bc8 Bf4 40. Kb3 Bf3 41. c4 Kc5 42. a6 Kxb6 43. axb7 Bxb7 44. Bf5 Kc5 45. Kc3 Ba6 46. Be6 Kd6 47. Bd5 Ke5 48. Kd3 Bc1 49. Ke2 Ba3 50. Kf3 Bd6 51. Kg3 Bxc4 52. Bxc4 Kd4+ 53. Kh4 Kxc4 54. g5 hxg5+ 55. Kxg5 Be5 56. Kg6 Bf6 57. Kh5 Kd5 58. Kg4 Ke6 59. Kh5 Kf7 60. Kg4 Kg8 61. Kh5 Kh7 62. Kg4 Kg6 63. Kh3 Kg5 64. Kg3 Be7 65. Kh3 Kf4 66. Kg2 Kg4 67. Kh2 Bd6+ 68. Kg2 Bf4 69. Kh1 Kf3 70. Kg1 g5 71. Kh1 g4 72. Kg1 g3 73. Kh1 g2+ 74. Kg1 Be3+ 75. Kh2 g1=Q+ 76. Kh3 Qg2+ 77. Kh4 Qg3+ 78. Kh5 Qg4# 0-1


[Site "https://www.chess.com"]